 Dungeon Crawl Stone Soup version 0.20-a0-432-g25cc1b4 (webtiles) character file.

2439 Kidiri the Thaumaturge (level 9, -13/49 HPs)
             Began as a Deep Elf Fire Elementalist on Jan 2, 2017.
             Was a Believer of Vehumet.
             Mangled by an orc warrior
             ... wielding a +0 glaive
              (21 damage)
             ... on level 7 of the Dungeon.
             The game lasted 00:22:59 (6964 turns).

Kidiri the Thaumaturge (Deep Elf Fire Elementalist) Turns: 6964, Time: 00:23:00

Health: -13/49     AC: 10    Str:  5    XL:     9   Next: 25%
Magic:  19/33      EV: 14    Int: 29    God:    Vehumet [**....]
Gold:   298        SH:  0    Dex: 15    Spells: 7/26 levels left

rFire  . . .     SeeInvis .     o - +4 dagger (speed)
rCold  . . .     Gourm    .     a - +2 robe
rNeg   . . .     Faith    .     (no shield)
rPois  .         Spirit   .     n - +2 helmet
rElec  .         Reflect  .     m - +2 cloak
rCorr  .         Harm     .     (no gloves)
MR     .....                    (no boots)
Stlth  ++........               g - amulet of magic regeneration
                                l - +5 ring of intelligence
                                d - ring of magical power

@: no status effects
A: no striking features
a: Renounce Religion


You were on level 7 of the Dungeon.
You worshipped Vehumet.
Vehumet was pleased with you.
You were hungry.

You visited 2 branches of the dungeon, and saw 8 of its levels.

You collected 298 gold pieces.

Inventory:

Hand Weapons
 o - a +4 dagger of speed (weapon)
Armour
 a - a +2 robe (worn)
 j - a +0 shield
 m - a +2 cloak (worn)
 n - a +2 helmet (worn)
Jewellery
 d - a ring of magical power (left hand)
 g - an amulet of magic regeneration (around neck)
 l - a +5 ring of intelligence (right hand)
 y - an uncursed ring of resist corrosion
 B - an uncursed ring of see invisible
 C - an uncursed ring of teleportation
Wands
 s - a wand of lightning (0/15)
Scrolls
 e - a scroll of fear
 i - 6 scrolls of teleportation
 w - a scroll of remove curse
Potions
 h - a potion of might
 k - 3 potions of heal wounds
 p - 5 potions of curing
 q - a potion of berserk rage
 r - 2 potions of agility
 z - a potion of brilliance
Comestibles
 c - 4 bread rations
 f - 3 meat rations
 t - a slice of pizza
 v - 3 fruits
 x - 2 royal jellies
 A - 11 chunks of flesh


   Skills:
 + Level 2.4 Fighting
 + Level 3.0 Short Blades
 + Level 2.3 Armour
 + Level 4.4 Dodging
 - Level 2.4 Stealth
 + Level 2.4 Shields
 * Level 9.0 Spellcasting
 + Level 5.2 Conjurations
 + Level 5.9 Fire Magic
 + Level 2.5 Poison Magic
 + Level 3.1 Evocations


You had 7 spell levels left.
You knew the following spells:

 Your Spells              Type           Power        Failure   Level  Hunger
a - Flame Tongue          Conj/Fire      #####        1%          1    None
b - Throw Flame           Conj/Fire      #####.       1%          2    None
c - Conjure Flame         Conj/Fire      #####...     1%          3    None
d - Inner Flame           Hex/Fire       ####....     4%          3    None
e - Sticky Flame          Conj/Fire      #####...     6%          4    None
f - Fireball              Conj/Fire      #####.....   14%         5    ####...
g - Sting                 Conj/Pois      ####         1%          1    None


Dungeon Overview and Level Annotations

Branches:
Dungeon (7/15)             Temple (1/1) D:5

Altars:
Ashenzari
Cheibriados
Dithmenos
Elyvilon
Fedhas
Gozag
Hepliaklqana
Kikubaaqudgha
Makhleb
Nemelex Xobeh
Okawaru
Qazlal
Ru
Sif Muna
Trog
Uskayaw
Vehumet
Xom
Yredelemnul
Zin
The Shining One


Message History

Vehumet accepts your kill.
You feel your power returning.
The fireball engulfs the orc priest.
The orc priest is almost dead.
You are feeling hungry.
You hear a shout!
You hear a bark! x3
The orc warrior burns!
The orc warrior misses you.
An orc priest comes into view.
Casting: Fireball
Confirm with . or Enter, or press ? or * to list all spells.
Aiming: Flame Tongue
Press: ? - help, Shift-Dir - straight line, f/p - orc warrior
Aim: an orc warrior, wielding a glaive and wearing a plate armour (heavily wounded, covered in liquid flames)
The flame tongue hits the orc warrior.
The orc warrior appears unharmed.
The orc warrior is heavily wounded.
The orc warrior burns!
The orc priest calls down the wrath of Beogh upon you.
Beogh smites you!
* * * LOW HITPOINT WARNING * * *
The orc warrior hits you from afar with a glaive!!
You die...

#....(. #......
########...... .
#......#...... ..
#.(....#####)# ...
########.............
....#....................
...o.....##......##.....
..#...@.##......##.....
#..)o.##.............
#.o...##.............
#o............##.....
...............##....<
................#......
..................#......
...#########......##.....
... #......# .....


You could see an orc warrior (burning) and 3 orc priests.

Vanquished Creatures
  A hippogriff (D:6)
  An orc warrior (D:4)
  A sky beast (D:4)
  2 ogres
  A necrophage (D:7)
  3 phantoms (D:4)
  2 centaurs (D:6)
  A bullfrog (D:7)
  A gnoll sergeant (D:7)
  A scorpion (D:6)
  3 howler monkeys (D:7)
  3 crimson imps
  A centaur zombie (D:6)
  A quasit (D:7)
  4 hounds
  A jelly (D:6)
  7 orc priests
  A bullfrog skeleton (D:7)
  A centaur skeleton (D:5)
  5 orc wizards
  5 worker ants
  A hound skeleton (D:5)
  Robin (D:3)
  3 gnolls (D:7)
  7 adders
  A shadow imp (D:5)
  2 worms
  An adder skeleton (D:4)
  3 dart slugs
  10 leopard geckos
  25 orcs
  2 ball pythons (D:1)
  4 giant cockroaches
  10 goblins
  6 hobgoblins
  10 jackals
  9 kobolds
  3 quokkas
  8 bats
  3 frilled lizards
  2 rats (D:1)
157 creatures vanquished.

Notes
Turn   | Place    | Note
-------+----------+-------------------------------------------
     0 | D:1      | Kidiri the Deep Elf Fire Elementalist began the quest for the Orb.
     0 | D:1      | Reached XP level 1. HP: 10/10 MP: 6/6
   357 | D:1      | Reached XP level 2. HP: 15/15 MP: 5/8
   361 | D:1      | Learned a level 2 spell: Throw Flame
   673 | D:1      | Reached XP level 3. HP: 19/19 MP: 10/10
   678 | D:1      | Learned a level 3 spell: Conjure Flame
   682 | D:1      | Reached skill level 4 in Spellcasting
   737 | D:1      | Learned a level 3 spell: Inner Flame
  1829 | D:3      | Reached XP level 4. HP: 24/24 MP: 12/12
  1837 | D:3      | Reached skill level 5 in Spellcasting
  1849 | D:3      | Learned a level 4 spell: Sticky Flame
  2030 | D:3      | Reached XP level 5. HP: 20/28 MP: 14/14
  2057 | D:3      | Noticed Robin
  2070 | D:3      | Killed Robin
  2991 | D:4      | Reached skill level 6 in Spellcasting
  3222 | D:4      | Noticed a phantom
  3234 | D:4      | Killed a phantom
  3234 | D:4      | Reached XP level 6. HP: 31/32 MP: 16/17
  3241 | D:4      | Learned a level 5 spell: Fireball
  3286 | D:4      | Noticed an orc warrior
  3295 | D:4      | Killed an orc warrior
  3379 | D:4      | Reached skill level 5 in Fire Magic
  3379 | D:4      | Reached XP level 7. HP: 37/37 MP: 19/19
  3443 | D:4      | Reached skill level 7 in Spellcasting
  3593 | D:4      | Reached skill level 1 in Short Blades
  3593 | D:4      | Reached skill level 1 in Shields
  3593 | D:4      | Reached skill level 1 in Evocations
  3693 | D:4      | Reached skill level 1 in Fighting
  3698 | D:4      | Reached skill level 1 in Armour
  3706 | D:4      | Gained mutation: Your magical capacity is low. (-10% MP) [mutagenic meat]
  3707 | D:4      | Gained mutation: Your spells are a little easier to cast, but a little less powerful. [mutagenic meat]
  3709 | D:4      | Gained mutation: Your body sometimes deteriorates upon taking damage. [mutagenic meat]
  3709 | D:4      | Lost mutation: Your magical capacity is low. (-10% MP) [potion of cure mutation]
  3709 | D:4      | Lost mutation: Your body sometimes deteriorates upon taking damage. [potion of cure mutation]
  3709 | D:4      | Lost mutation: Your spells are a little easier to cast, but a little less powerful. [potion of cure mutation]
  4137 | D:5      | Entered Level 5 of the Dungeon
  4196 | D:5      | Found a staircase to the Ecumenical Temple.
  4210 | Temple   | Entered the Ecumenical Temple
  4472 | Temple   | Became a worshipper of Vehumet
  4678 | D:5      | Reached XP level 8. HP: 38/43 MP: 21/21
  5538 | D:6      | Reached * piety under Vehumet
  5538 | D:6      | Offered knowledge of Sting by Vehumet.
  5541 | D:6      | Learned a level 1 spell: Sting
  5877 | D:6      | Noticed a hippogriff
  5881 | D:6      | Killed a hippogriff
  5881 | D:6      | Reached skill level 8 in Spellcasting
  5881 | D:6      | Reached skill level 1 in Poison Magic
  6655 | D:7      | Reached skill level 5 in Conjurations
  6655 | D:7      | Reached XP level 9. HP: 48/48 MP: 19/23
  6930 | D:7      | Reached skill level 9 in Spellcasting
  6958 | D:7      | Offered knowledge of Searing Ray by Vehumet.
  6963 | D:7      | Reached ** piety under Vehumet
  6964 | D:7      | Mangled by an orc warrior

Vault maps used:
D:1:      matt_arrival_refuge, minmay_quantized
D:2:      first_bread
D:3:      uniq_robin
Temple:   roderic_octagonal_lattice_temple

Skill      XL: |  1  2  3  4  5  6  7  8  9 |
---------------+----------------------------+-----
Spellcasting   | 4 5 6 7 8 9 |  9.0
Conjurations   | 2 3 4 5 |  5.2
Fire Magic     | 4 5 |  5.9
Short Blades   | 1 2 3 |  3.0
Shields        | 1 2 |  2.4
Evocations     | 1 2 3 |  3.1
Fighting       | 1 2 |  2.4
Armour         | 1 2 |  2.3
Dodging        | 3 4 |  4.4
Poison Magic   | 2 |  2.5
Stealth        | |  2.4

Action                   |  1- 3 |  4- 6 |  7- 9 || total
-------------------------+-------+-------+-------++-------
Melee: Dagger            |     6 |     4 |    87 ||    97
 Cast: Flame Tongue      |    62 |    66 |   131 ||   259
       Throw Flame       |     5 |     6 |    17 ||    28
       Sticky Flame      |       |     2 |    19 ||    21
       Conjure Flame     |       |     1 |       ||     1
       Inner Flame       |       |     1 |       ||     1
       Fireball          |       |     1 |     5 ||     6
       Sting             |       |       |     4 ||     4
Evoke: Wand              |       |       |     5 ||     5
  Use: Scroll            |     4 |     7 |    11 ||    22
       Potion            |       |       |     1 ||     1
 Stab: Sleeping          |     4 |     1 |     2 ||     7
  Eat: Chunk             |     3 |     3 |    13 ||    19
       Bread ration      |       |     1 |       ||     1
Armor: Robe              |     3 |     4 |    34 ||    41
Dodge: Dodged            |    19 |    21 |    67 ||   107
Block: Shield            |       |     3 |       ||     3
